 Dungeon Crawl Stone Soup version 0.27.0-1-g7a089689b8 (webtiles) character file.

Game seed: 1650240097257441714

1147 gbaromhunter the Insei (level 8, 0/62 HPs)
             Began as a Red Draconian Transmuter on Aug 2, 2021.
             Succumbed to a water moccasin's poison
             ... on level 5 of the Dungeon on Aug 3, 2021.
             The game lasted 00:25:34 (6357 turns).

gbaromhunter the Insei (Red Draconian Transmuter)   Turns: 6357, Time: 00:25:34

Health: 0/62       AC:  2    Str: 12    XL:     8   Next: 15%
Magic:  12/14      EV: 24    Int: 15    God:
Gold:   215        SH:  0    Dex: 18    Spells: 8/15 levels left

rFire    . . .     SeeInvis .     - Unarmed
rCold    . . .     Faith    .   (shield currently unavailable)
rNeg     . . .     Spirit   .   (armour unavailable)
rPois    x         Reflect  .   (helmet currently unavailable)
rElec    .         Harm     .   (cloak currently unavailable)
rCorr    .         Rampage  .   (gloves currently unavailable)
Will     .....                  (boots currently unavailable)
Stlth    ++........             (no amulet)
HPRegen  0.20/turn              f - +4 ring of evasion
MPRegen  0.14/turn              (no ring)

@: lethally poisoned (0 -> -1), spider-form (expiring)
A: venomous fangs, (breathe fire), AC +6, tiny, unfitting armour, (fire
resistance 1), (cold-blooded)
a: End Transformation


You were on level 5 of the Dungeon.
You were a venomous arachnid creature.
You visited 1 branch of the dungeon, and saw 6 of its levels.

You collected 215 gold pieces.

Inventory:

Missiles
 e - 3 silver boomerangs
Magical Staves
 i - a staff of poison
Jewellery
 f - a +4 ring of evasion (left front leg)
 h - a ring of ice
Scrolls
 b - a scroll of identify
 g - 2 scrolls of teleportation
Potions
 a - a potion of magic
 l - a potion of flight


   Skills:
 + Level 2.3 Fighting
 + Level 3.3 Dodging
 + Level 1.1 Stealth
 + Level 6.8 Unarmed Combat
 + Level 4.3 Spellcasting
 + Level 1.8 Summonings
 + Level 4.0 Transmutations
 + Level 0.7 Poison Magic


You had 8 spell levels left.
You knew the following spells:

 Your Spells              Type           Power      Damage    Failure   Level
a - Beastly Appendage     Tmut           30%        N/A       11%         1
b - Wereblood             Tmut           15%        N/A       14%         2
c - Spider Form           Tmut/Pois      5%         N/A       38%         3
d - Summon Small Mammal   Summ           32%        N/A       22%         1

Your spell library contained the following spells:

 Spells                   Type           Power      Damage    Failure   Level
 Animate Skeleton         Necr           6%         N/A       36%         1
 Apportation              Tloc           6%         N/A       36%         1
 Corona                   Hex            3%         N/A       36%         1
 Static Discharge         Conj/Air       3%         N/A       47%         2
 Sublimation of Blood     Necr           1%         N/A       47%         2
 Ice Form                 Ice/Tmut       9%         N/A       78%         4
 Lightning Bolt           Conj/Air       1%         1d12      100%        5
 Summon Hydra             Summ           4%         N/A       100%        7
 Maxwell's Capacitive Co  Air            1%         ∞         100%        8


Dungeon Overview and Level Annotations

Branches:
Dungeon (6/15)
 Temple: D:4-7

Altars:


Innate Abilities, Weirdness & Mutations

You are a venomous arachnid creature.
You have poisonous fangs.
You are tiny and dextrous.
Your spellcasting is less reliable in this form.
Your armour is entirely melded.
You are incapable of wielding weapons or throwing items.
((You can breathe blasts of fire.))
((Your fiery red scales are hard. (AC +6)))
You cannot fit into any form of body armour.
((Your flesh is heat resistant. (rF+)))
((You are cold-blooded and may be slowed by cold attacks.))


Message History

You bite the water moccasin!
The water moccasin is heavily wounded.
You feel very sick.
The water moccasin completely misses you.
You hit the water moccasin.
The water moccasin is severely wounded.
You feel sick. The water moccasin misses you.
You hit the water moccasin but do no damage.
The water moccasin is severely wounded.
You feel sick. The water moccasin bites you!
* * * LOW HITPOINT WARNING * * *
The water moccasin misses you.
You hit the water moccasin.
The water moccasin is almost dead.
Your transformation is almost over.
* * * LOW HITPOINT WARNING * * *
You feel sick. The water moccasin barely misses you.
You bite the water moccasin!
You kill the water moccasin!
* * * LOW HITPOINT WARNING * * *
You feel sick.
* * * LOW HITPOINT WARNING * * *
You feel sick.
You see here a water moccasin corpse.
Okay, then.
Casting: Spider Form (dangerous; 38% risk of failure)
Confirm with . or Enter, or press ? or * to list all spells.
Okay, then.
As you read the scroll labelled ONUOLONA MIHU, it crumbles to dust.
It is a scroll of amnesia.
Okay, then.
* * * LOW HITPOINT WARNING * * *
You feel sick.
* * * LOW HITPOINT WARNING * * *
You feel sick.
* * * LOW HITPOINT WARNING * * *
You feel sick.
* * * LOW HITPOINT WARNING * * *
You feel sick.
You die...

##.......##...##.#..#...#...# #
#.###....#.#.#...#.......... #
##.# #......#.......#...#.... ##
#.## ##.###.#.#...#.##.##....
W####.####..# #.#.##.##..........
#>......#...# #..........#.#...##
##..##......###.....###....###.##
#.####......#...........####..#
#.# ##.#......s..............#
##.# #..####†....(............##
#.## #..# #>..................#
...####.## #....................
.#...##.# #....................
.[##....#####....................
#..##............................
##..##..#####....................
##....## #.##................#


There were no monsters in sight!

Vanquished Creatures
  Prince Ribbit (D:5)
  2 water moccasins
  2 ogres (D:5)
  A necrophage (D:4)
  A scorpion (D:4)
  2 centaur zombies
  A centaur skeleton (D:6)
  A hound (D:6)
  3 bullfrog skeletons
  An orc priest (D:5)
  An orc wizard (D:5)
  A hound skeleton (D:4)
  6 adders
  A white imp (D:5)
  An ufetubus (D:5)
  An adder skeleton (D:4)
  A worm (D:2)
  A dart slug (D:1)
  6 orcs
  8 endoplasms
  5 giant cockroaches
  4 goblins
  12 hobgoblins
  4 jackals (D:3)
  2 quokkas
  6 ball pythons
  5 bats
  3 frilled lizards
  8 kobolds
  6 rats
97 creatures vanquished.

Notes
Turn   | Place    | Note
-------+----------+-------------------------------------------
     0 | D:1      | gbaromhunter the Draconian Transmuter began the quest for
                  | the Orb.
     0 | D:1      | Reached XP level 1. HP: 16/16 MP: 3/3
   374 | D:1      | Found a faded altar of an unknown god.
   438 | D:1      | Reached XP level 2. HP: 8/23 MP: 3/5
  1385 | D:2      | Reached XP level 3. HP: 16/28 MP: 6/6
  1578 | D:2      | Learned a level 2 spell: Wereblood
  2354 | D:3      | Reached XP level 4. HP: 35/35 MP: 5/7
  2841 | D:3      | Reached skill level 4 in Unarmed Combat
  3203 | D:3      | Learned a level 3 spell: Spider Form
  3594 | D:4      | Noticed a necrophage
  3595 | D:4      | Noticed a scorpion
  3612 | D:4      | Killed a necrophage
  3613 | D:4      | Reached XP level 5. HP: 32/40 MP: 6/9
  3619 | D:4      | Reached XP level 6. HP: 28/48 MP: 7/10
  3863 | D:4      | Reached skill level 5 in Unarmed Combat
  4125 | D:4      | Learned a level 1 spell: Summon Small Mammal
  4160 | D:5      | Entered Level 5 of the Dungeon
  4443 | D:5      | Your scales start taking on a fiery red colour.
  4443 | D:5      | Reached XP level 7. HP: 34/53 MP: 9/12
  4443 | D:5      | Gained mutation: Your flesh is heat resistant. (rF+) [Red
                  | Draconian growth]
  4716 | D:5      | Reached skill level 1 in Summonings
  5171 | D:5      | Noticed Prince Ribbit
  5215 | D:5      | Killed Prince Ribbit
  5216 | D:5      | Reached skill level 1 in Stealth
  5216 | D:5      | Reached skill level 6 in Unarmed Combat
  6116 | D:6      | Reached XP level 8. HP: 57/61 MP: 12/14
  6149 | D:6      | HP: 2/61 [water moccasin (4)]
  6353 | D:5      | HP: 3/62 [poisoned by a water moccasin]
  6356 | D:5      | HP: 1/62 [poisoned by a water moccasin]
  6357 | D:5      | Succumbed to a water moccasin's poison

Illustrated notes

Levels and vault maps discovered:
D:1:      dpeg_arrival_arbitrary_a, layout_loops_ring,
          chequers_ecumenical_altar_simple_redux
D:2:      layout_loops_ring, minmay_goblin_outpost
D:3:      layout_basic, chequers_mini_garden
D:4:      minmay_general_purpose_star, layout_cave_pools, serial_bayou_pond_c
D:5:      layout_layer_cave, hangedman_decor_clover_reticule, item_on_display_a,
          uniq_prince_ribbit1
D:6:      cheibrodos_fzero, layout_gridville, nicolae_hepliaklqana_hippocampus,
          minmay_temple_entry_fiery, st_stairs_11, hangedman_decor_slide_cut

Skill      XL: |  1  2  3  4  5  6  7 |
---------------+----------------------+-----
Dodging        | 2 3 |  3.3
Unarmed Combat | 4 5 6 |  6.8
Transmutations | 3 4 |  4.0
Spellcasting   | 3 4 |  4.3
Summonings     | 1 |  1.8
Fighting       | 2 |  2.3
Stealth        | 1 |  1.1
Poison Magic   | |  0.7

Action                   |  1- 3 |  4- 6 |  7- 9 || total
-------------------------+-------+-------+-------++-------
Melee: Unarmed           |   144 |   136 |    88 ||   368
       Kick              |    14 |    10 |    10 ||    34
       Tailslap          |    11 |    14 |     3 ||    28
       Headbutt          |     5 |    12 |     7 ||    24
       Punch             |       |       |     2 ||     2
 Cast: Beastly Appendage |    23 |    16 |     7 ||    46
       Wereblood         |     2 |     3 |       ||     5
       Spider Form       |       |     2 |     5 ||     7
       Summon Small Mamm |       |     1 |     2 ||     3
 Abil: Breathe Fire      |       |       |     6 ||     6
  Use: Potion            |       |     3 |     4 ||     7
       Scroll            |       |     4 |     3 ||     7
Armor: Skin              |    34 |    33 |    30 ||    97
Dodge: Dodged            |    97 |   115 |    95 ||   307
